 Dungeon Crawl Stone Soup version 0.31-a0-408-gb642c7f9a3 (webtiles) character file.

Game seed: 17401275298105006600

845 runemasterragnar the Ruffian (level 8, -2/52 HPs)
             Began as an Octopode Shapeshifter on July 29, 2023.
             Slain by a bullfrog (8 damage)
             ... on level 6 of the Dungeon.
             The game lasted 00:03:14 (4845 turns).

runemasterragnar the Ruffian (OpSh)                 Turns: 4845, Time: 00:03:15

Health: -2/52      AC:  1    Str: 16    XL:     8   Next: 0%
Magic:  8/8        EV: 14    Int: 11    God:
Gold:   344        SH:  0    Dex: 12    Spells: 7/7 levels left

rFire   . .          .
                       - Unarmed
rCold   . . .        (no shield)
rNeg    . . .        (helmet currently unavailable)
rPois   .            (no amulet)
rElec   .            (no ring)
rCorr   .            (no ring)
SInv    .            (no ring)
Will    .....        (no ring)
Stlth   +++          (no ring)
HPRegen 0.28/turn    (no ring)
MPRegen 0.11/turn    (no ring)
                     (no ring)

%: no passive effects
@: beast-form
A: beast (slay +3), almost no armour, amphibious, 8 rings, camouflage 1,
gelatinous body 1, (nimble swimmer 1), tentacles
a: Begin Untransformation


You were on level 6 of the Dungeon.
You were a hulking beast.
You visited 1 branch of the dungeon, and saw 6 of its levels.

You collected 344 gold pieces.

Inventory:

Jewellery
 l - a ring of wizardry
Talismans
 b - a beast talisman
Wands
 a - a wand of roots (9)
Scrolls
 c - 6 scrolls of identify {unknown}
 d - 2 scrolls of brand weapon {unknown}
 f - a scroll of silence {unknown}
 g - a scroll of revelation {unknown}
 h - a scroll of blinking {unknown}
 j - 3 scrolls of teleportation {unknown}
 k - a scroll of vulnerability {unknown}
 n - a scroll of fear {unknown}
 o - a scroll of immolation {unknown}
 p - a scroll of poison {unknown}
Potions
 e - a potion of attraction {unknown}
 i - a potion of mutation {unknown}
 m - a potion of enlightenment {unknown}
 r - a potion of heal wounds {unknown}
 s - a potion of haste {unknown}
 t - 2 potions of magic {unknown}


   Skills:
 + Level 3.2 Fighting
 + Level 3.7 Dodging
 + Level 4.0 Stealth
 * Level 5.3 Unarmed Combat
 + Level 2.4 Evocations
 * Level 4.7 Shapeshifting


You had 7 spell levels left.
You didn't know any spells.
Your spell library contained the following spells:

 Spells                   Type           Power      Damage    Failure   Level
 Blink                    Tloc           0%         N/A       47%         2
 Lesser Beckoning         Tloc           0%         N/A       47%         2
 Momentum Strike          Conj/Tloc      0%         3d8       47%         2
 Gell's Gravitas          Tloc           0%         N/A       71%         3
 Teleport Other           Tloc           0%         N/A       71%         3
 Dispersal                Tloc           0%         N/A       100%        6


Dungeon Overview and Level Annotations

Branches:
Dungeon (6/15)
 Temple: D:4-7

Altars:
Sif Muna
Yredelemnul

Annotations:
D:4 1 runed translucent door, mdonais's ghost, amateur OpSh
D:5 1 runed translucent door, RepHenryClay's ghost, novice DEHW


Innate Abilities, Weirdness & Mutations

You are a hulking beast.
Your limbs bulge with bestial killing power. (Slay +3)
You cannot wear most types of armour.
You are amphibious.
You can wear up to eight rings at the same time.
Your skin changes colour to match your surroundings (Stealth+).
Your rubbery body absorbs attacks. (AC +1, EV +1)
((You are camouflaged when in or above water. (Stealth+)))
You have tentacles for arms and can constrict up to eight enemies at once.


Message History

You closely miss the kobold. Your grab misses the kobold.
You squeeze the kobold.
You kill the kobold!
No target in view!
Things that are here:
a +0 short sword; 5 stones
There is a stone staircase leading down here.
You climb downwards.
There is a stone staircase leading up here.
Found a robe.
An ogre is nearby!
An ogre is nearby!
The bullfrog gives a loud, deep croak!
You bludgeon the ogre! You squeeze the ogre!
The ogre is heavily wounded.
The ogre hits you with a +0 giant spiked club!
You tentacle-slap the ogre. You squeeze the ogre, but do no damage.
The ogre is severely wounded.
The kobold brigand throws a poisoned dart.
The poisoned dart hits you.
You are poisoned.
You tentacle-slap the ogre.
The ogre is severely wounded.
You feel sick.
The ogre hits you with a +0 giant spiked club!!
Ouch! That really hurt!
* * * LOW HITPOINT WARNING * * *
Unknown command.
You tentacle-slap the ogre but do no damage.
You squeeze the ogre!
You kill the ogre!
You feel sick. The bullfrog misses you.
Your Stealth skill increases to level 4!
You have reached level 8!
Unknown command.
You feel better. The bullfrog misses you.
The bullfrog attacks as you move away! The bullfrog hits you!
* * * LOW HITPOINT WARNING * * *
The bullfrog hits you!
You die...

..# #..........?.
..###...K......#.
#.#.......K......
..#### ...#..KKK.......
[.....##..#..........§§
....#.........###...~§§
..........).?..##)<~§§~
#........F.......
#.#.....h....##..
#.#..............
#............##..
..###...............
.......<........#..
...#............#...
.......#.#####......
.........# ....
.......### #..


You could see a kobold brigand, a bullfrog and 4 kobolds.

Vanquished Creatures
  An ice beast (D:5)
  An ogre (D:6)
  A phantom (D:5)
  3 scorpions
  4 hounds (D:5)
  2 jellies (D:5)
  Jessica (D:3)
  Ijyb (D:3)
  An iguana (D:4)
  8 adders
  2 worms (D:3)
  4 dart slugs
  An orc (D:3)
  4 endoplasms
  6 goblins
  3 hobgoblins
  3 jackals (D:2)
  5 quokkas
  6 ball pythons
  8 bats
  3 frilled lizards
  9 kobolds
  7 rats
84 creatures vanquished.

Notes
Turn   | Place    | Note
-------+----------+-------------------------------------------
     0 | D:1      | runemasterragnar the Octopode Shapeshifter began the quest
                  | for the Orb.
     0 | D:1      | Reached XP level 1. HP: 13/13 MP: 1/1
   246 | D:1      | Reached XP level 2. HP: 18/18 MP: 2/2
   871 | D:1      | Reached XP level 3. HP: 22/23 MP: 3/3
  1189 | D:2      | Reached skill level 1 in Stealth
  1513 | D:2      | Reached XP level 4. HP: 20/29 MP: 4/4
  1878 | D:3      | Found a faded altar of an unknown god.
  2052 | D:3      | Noticed Ijyb
  2062 | D:3      | Killed Ijyb
  2166 | D:3      | Reached XP level 5. HP: 19/34 MP: 5/5
  2564 | D:3      | Noticed Jessica
  2574 | D:3      | Killed Jessica
  2761 | D:4      | Noticed mdonais's ghost (amateur OpSh)
  2762 | D:4      | Found a runed translucent door.
  2826 | D:4      | Reached skill level 4 in Unarmed Combat
  3087 | D:4      | Reached skill level 1 in Evocations
  3087 | D:4      | Reached XP level 6. HP: 26/40 MP: 6/6
  3740 | D:5      | Entered Level 5 of the Dungeon
  4063 | D:5      | Reached XP level 7. HP: 33/45 MP: 7/7
  4324 | D:5      | Noticed RepHenryClay's ghost (novice DEHW)
  4325 | D:5      | Found a runed translucent door.
  4337 | D:5      | Found a basalt altar of Yredelemnul.
  4366 | D:5      | Reached skill level 5 in Unarmed Combat
  4682 | D:5      | Found a shimmering blue altar of Sif Muna.
  4844 | D:6      | Reached XP level 8. HP: 6/52 MP: 8/8
  4845 | D:6      | Slain by a bullfrog

Illustrated notes

Levels and vault maps discovered:
D:1:      zaba_arrival_water, layout_basic, chequers_serial_rivers_micro_d
D:2:      layout_basic
D:3:      layout_basic, nicolae_ecumenical_lake_church, reono_crystal_passage,
          roderic_roman_lattice, chequers_serial_rivers_micro_d, uniq_ijyb,
          uniq_jessica
D:4:      layout_cave_pods, hellmonk_ghost_happy_afterlife
D:5:      layout_loops_ring, mainiacjoe_overflow_surrounded_room,
          mainiacjoe_overflow_cross_hatched, gammafunk_ghost_grave
D:6:      layout_rooms, mainiacjoe_overflow_alcove_2, grunt_nemelex_the_gamble,
          mainiacjoe_overflow_24_doors, minmay_temple_entry_mist,
          nicolae_figureground_pulse

Skill      XL: |  1  2  3  4  5  6  7 |
---------------+----------------------+-----
Stealth        | 1 2 3 4 |  4.0
Fighting       | 2 3 |  3.2
Unarmed Combat | 4 5 |  5.3
Evocations     | 1 2 |  2.4
Dodging        | 3 |  3.7
Shapeshifting  | 4 |  4.7

Action                     |  1- 3 |  4- 6 |  7- 9 || total
---------------------------+-------+-------+-------++-------
  Melee: Unarmed           |    61 |    92 |    31 ||   184
         Tentacles         |    11 |    20 |     9 ||    40
         Constrict         |    13 |    22 |     5 ||    40
         Punch             |       |     2 |     4 ||     6
    Use: Potion            |       |     2 |     2 ||     4
   Stab: Sleeping          |     9 |    10 |     4 ||    23
 Armour: Skin              |     5 |    20 |    10 ||    35
  Dodge: Dodged            |    43 |    34 |    14 ||    91

Table legend: (Time is in decaauts)
 A = Elapsed time spent in this place.
 B = Non-inter-level travel time spent in this place.
 C = Inter-level travel time spent in this place.
 D = Time resting spent in this place.
 E = Time spent auto-exploring this place.
 F = Levels seen in this place.
 G = Mean time per level.
                   A        B        C        D        E       F      G
               +--------+--------+--------+--------+--------+-----+--------+
         Total |   4831 |   4664 |    167 |     33 |   4044 |   6 |  805.2 |
       Dungeon |   4831 |   4664 |    167 |     33 |   4044 |   6 |  805.2 |
               +--------+--------+--------+--------+--------+-----+--------+

Top non-repeatable levels by time:
     D:5: 1085 daAuts
     D:3: 1032 daAuts
     D:4: 1027 daAuts
     D:1: 962 daAuts
     D:2: 708 daAuts
     D:6: 15 daAuts
